 Dungeon Crawl Stone Soup version 0.28.0-53-g5a82cb258f (webtiles) character file.

Game seed: 2086277138051675803

5257 cbfl8 the Cleaver (level 10, -3/90 HPs)
             Began as a Minotaur Berserker on July 27, 2022.
             Was a Priest of Trog.
             Slain by an orc warlord
             ... wielding a +0 war axe
              (23 damage)
             ... in a bailey.
             The game lasted 00:09:48 (10677 turns).

cbfl8 the Cleaver (Minotaur Berserker)             Turns: 10677, Time: 00:09:49

Health: -3/90      AC: 18    Str: 23    XL:     10   Next: 36%
Magic:  9/9        EV: 13    Int:  4    God:    Trog [***...]
Gold:   333        SH:  0    Dex: 13    Spells: 9/9 levels left

rFire   . . .      SeeInvis .   h - +0 battleaxe
rCold   . . .      Faith    .   (shield currently unavailable)
rNeg    . . .      Spirit   .   k - +0 plate armour
rPois   .          Reflect  .   (helmet restricted)
rElec   .          Harm     .   C - +2 cloak
rCorr   .          Rampage  .   I - +0 pair of gloves
Will    .....                   l - +0 pair of boots
Stlth   ..........              (no amulet)
HPRegen 0.25/turn               m - ring of flight
MPRegen 0.11/turn               n - +4 ring of evasion

@: on berserk cooldown, flying, slowed, very slow
A: horns 2, retaliatory headbutt
a: Renounce Religion, Berserk, Trog's Hand


You were in a bailey.
You worshipped Trog.
Trog was most pleased with you.
You visited 1 branch of the dungeon, and saw 8 of its levels.
You also visited: Bailey.

You collected 355 gold pieces.
You spent 22 gold pieces at shops.

Inventory:

Hand Weapons
 a - a +0 hand axe
 h - a +0 battleaxe (weapon)
 B - a +0 war axe
Armour
 b - a +0 animal skin
 e - a +0 buckler
 k - a +0 plate armour (worn)
 l - a +0 pair of boots (worn)
 w - a scarf of invisibility
 C - a +2 cloak (worn)
 I - a +0 pair of gloves (worn)
Jewellery
 m - a ring of flight (left hand)
 n - a +4 ring of evasion (right hand)
 p - a ring of protection from fire
 s - a ring of ice
 y - a ring of positive energy
Wands
 t - a wand of flame (27)
 A - a wand of iceblast (4) (quivered)
 J - a wand of polymorph (10)
 K - a wand of acid (4)
Scrolls
 d - a scroll of holy word
 f - a scroll of magic mapping
 i - 8 scrolls of teleportation
 q - a scroll of amnesia
 u - a scroll of enchant armour
 v - a scroll of noise {unknown}
 x - a scroll of acquirement {unknown}
 z - 3 scrolls of vulnerability
 D - 2 scrolls of fear
 F - a scroll of torment {unknown}
 G - a scroll of summoning {unknown}
Potions
 c - a potion of mutation {unknown}
 g - 2 potions of curing
 j - a potion of brilliance {unknown}
 o - a potion of flight {unknown}
 r - a potion of haste {unknown}
 E - a potion of magic {unknown}


   Skills:
 * Level 8.9 Fighting
 + Level 10.6 Axes
 + Level 6.4 Armour
 * Level 7.0 Dodging
 * Level 4.9 Stealth
 + Level 2.5 Shields
 * Level 4.3 Evocations


You had 9 spell levels left.
You didn't know any spells.
Your spell library was empty.

Dungeon Overview and Level Annotations

Branches:
Dungeon (8/15)             Temple (0/1) D:7            Lair (0/6) D:8
 Bailey (1/1)

Altars:
Hepliaklqana
Makhleb
Okawaru
Sif Muna
Uskayaw
Zin
Beogh

Shops:
D:2 ?   D:6 [

Annotations:
D:4 3 runed translucent doors, styxcanada's ghost, novice SpBr
D:7 3 runed translucent doors, cbfl8's ghost, novice DsBe; jiml777's ghost, novice DEAE


Innate Abilities, Weirdness & Mutations

You have a pair of horns on your head.
You reflexively headbutt those who attack you in melee.


Message History

Unknown command.
The orc warlord blocks your attack.
You headbutt the orc warlord!!
The orc warlord is severely wounded.
You closely miss the hobgoblin.
You are no longer berserk.
You are exhausted.
You feel yourself slow down.
The hobgoblin hits you but does no damage.
The orc warlord hits you but does no damage.
The orc warlord blocks your attack.
You headbutt the orc warlord.
The orc warlord is severely wounded.
You slash the hobgoblin!
You kill the hobgoblin!
Trog accepts your kill. The orc warlord completely misses you.
The orc warlord hits you with a +0 war axe.
The orc warlord blocks your attack.
You headbutt the orc warlord!
The orc warlord is severely wounded.
The orc warlord hits you with a +0 war axe!
The orc warlord closely misses you. You furiously retaliate!
You headbutt the orc warlord.
You are too injured to fight recklessly!
Unknown command.
The orc warlord blocks your attack.
The orc warlord is almost dead.
The orc warrior no longer looks unusually strong.
The orc warlord roars a battlecry!
The orc warrior goes into a battle-frenzy!
The orc warlord hits you with a +0 war axe!
* * * LOW HITPOINT WARNING * * *
You feel better.
The orc warlord hits you but does no damage.
The orc warlord blocks your attack.
Your headbutt misses the orc warlord.
The orc warlord is severely wounded.
The orc warlord hits you with a +0 war axe!
* * * LOW HITPOINT WARNING * * *
The orc warlord closely misses you.
You feel better.
The orc warlord hits you with a +0 war axe!!
You die...

##.....## ##.....##
##'####...........####+##
##.....##.........#
#.......#.........#
##.......##.......#
#.........# ......
##..)......## og.#
#..)).⌠.....###o###
##......)..##88@88##
#.....)).)#....)..#
##.......##.......##
#....)..'.........'..
##.....##.........##.
#######.....⌠.....#
##.........## #.........#
##.......##


You could see an orc warlord, an orc warrior (strong) and a hobgoblin.

Vanquished Creatures
  A two-headed ogre (D:7)
  2 orc knights (Bailey)
  Pikel (D:7)
  Menkaure (D:6)
  2 water moccasins
  2 sky beasts
  An ice beast (D:7)
  8 orc warriors
  3 ogres
  2 centaurs
  A phantom (D:5)
  A scorpion (D:5)
  15 wights
  A bullfrog zombie (D:5)
  A centaur zombie (D:3)
  A jelly (D:5)
  3 orc priests
  A hound (D:7)
  2 bullfrog skeletons
  3 iguanas
  2 centaur skeletons (D:6)
  3 orc wizards
  3 hound skeletons
  A howler monkey zombie (D:6)
  9 gnolls
  8 adders
  2 shadow imps
  An ufetubus (D:5)
  An adder skeleton (D:4)
  5 worms
  2 dart slugs
  15 orcs
  5 endoplasms
  3 giant cockroaches
  17 goblins
  18 hobgoblins
  5 jackals
  3 quokkas (D:1)
  3 ball pythons
  5 bats
  12 kobolds
  3 rats
178 creatures vanquished.

Vanquished Creatures (others)
  A plant (D:2)
1 creature vanquished.

Grand Total: 179 creatures vanquished

Notes
Turn   | Place    | Note
-------+----------+-------------------------------------------
     0 | D:1      | cbfl8 the Minotaur Berserker began the quest for the Orb.
     0 | D:1      | Reached XP level 1. HP: 19/19 MP: 0/0
   281 | D:1      | Reached skill level 4 in Axes
   282 | D:1      | Reached XP level 2. HP: 22/27 MP: 1/1
   558 | D:1      | Found a faded altar of an unknown god.
  1144 | D:1      | Reached XP level 3. HP: 33/33 MP: 2/2
  1973 | D:2      | Reached ** piety under Trog
  2392 | D:2      | Found Tapakk's Magic Scroll Shop.
  2401 | D:2      | Reached XP level 4. HP: 26/41 MP: 3/3
  2548 | D:2      | Bought a scroll of identify for 22 gold pieces
  2604 | D:2      | Found a glowing silver altar of Zin.
  3422 | D:3      | Reached skill level 5 in Axes
  3827 | D:3      | Reached skill level 1 in Shields
  3832 | D:3      | Reached XP level 5. HP: 47/47 MP: 4/4
  4000 | D:4      | Found a hazy altar of Hepliaklqana.
  4001 | D:4      | Found a shimmering blue altar of Sif Muna.
  4001 | D:4      | Found a burning altar of Makhleb.
  4002 | D:4      | Found a hide-covered altar of Uskayaw.
  4039 | D:4      | Found a runed translucent gate.
  4039 | D:4      | Found a runed translucent gate.
  4039 | D:4      | Found a runed translucent gate.
  4140 | D:4      | Noticed styxcanada's ghost (novice SpBr)
  4141 | D:4      | Identified the +2 scale mail of Emyngela {rElec Int+7}
  4422 | D:5      | Entered Level 5 of the Dungeon
  4463 | D:5      | Reached skill level 1 in Stealth
  4624 | D:5      | Noticed an ogre
  4630 | D:5      | Killed an ogre
  4631 | D:5      | Reached skill level 5 in Fighting
  4631 | D:5      | Reached skill level 6 in Axes
  4631 | D:5      | Reached XP level 6. HP: 56/56 MP: 5/5
  4633 | D:5      | Reached skill level 1 in Evocations
  5019 | D:5      | Reached XP level 7. HP: 56/61 MP: 6/6
  5872 | D:5      | Reached skill level 7 in Axes
  6254 | D:6      | HP: 1/57 [wight/+0 battleaxe (3)]
  6257 | D:6      | Reached XP level 8. HP: 14/66 MP: 7/7
  6498 | D:6      | Found Uthituah's Armour Emporium.
  6509 | D:6      | Reached *** piety under Trog
  6540 | D:6      | Noticed Menkaure
  6551 | D:6      | Killed Menkaure
  7259 | D:6      | Reached skill level 5 in Dodging
  7583 | D:6      | Reached skill level 8 in Axes
  7583 | D:6      | Reached skill level 5 in Armour
  7792 | D:6      | Found an iron altar of Okawaru.
  8128 | D:7      | Found a runed translucent gate.
  8133 | D:7      | Found a runed translucent gate.
  8133 | D:7      | Found a runed translucent gate.
  8136 | D:7      | Noticed jiml777's ghost (novice DEAE)
  8136 | D:7      | Noticed cbfl8's ghost (novice DsBe)
  8171 | D:7      | Reached XP level 9. HP: 79/79 MP: 8/8
  8271 | D:7      | Noticed Pikel
  8280 | D:7      | Killed Pikel
  8632 | D:7      | Reached skill level 9 in Axes
  8794 | D:7      | Found a staircase to the Ecumenical Temple.
  9370 | D:8      | Noticed a two-headed ogre
  9384 | D:7      | Killed a two-headed ogre
  9482 | D:8      | Found a flagged portal.
  9492 | Bailey   | Entered a bailey
  9788 | Bailey   | Noticed an orc knight
  9797 | Bailey   | Killed an orc knight
  9798 | Bailey   | Reached skill level 10 in Axes
  9798 | Bailey   | Reached XP level 10. HP: 90/90 MP: 9/9
  9925 | Bailey   | Noticed an orc knight
  9937 | Bailey   | Killed an orc knight
 10657 | Bailey   | Noticed an orc warlord
 10677 | Bailey   | Slain by an orc warlord

Illustrated notes

Levels and vault maps discovered:
D:1:      dpeg_arrival_brainrot, layout_loops_ring, basic_ecumenical_altar
D:2:      minmay_recursive_quarters, layout_loops_ring, serial_forest,
          infiniplex_forest_clump_small, infiniplex_forest_diagonal,
          infiniplex_forest_straight_3, infiniplex_forest_zigzag_1,
          infiniplex_forest_lined_2, infiniplex_forest_straight_2, serial_shops,
          nicolae_shop_statue_plus, basic_altar, grunt_ministairs_2
D:3:      layout_basic
D:4:      layout_cave_pools, chequers_temple_overflow_statue_of_worship,
          biasface_ghost_orc_armoury
D:5:      layout_basic
D:6:      layout_loops_cross, kennysheep_okawaru_gauntlet, serial_shops,
          kennysheep_mini, uniq_menkaure
D:7:      layout_loops_corners, minmay_temple_entry_glassed_door,
          gammafunk_ghost_cemetery, uniq_pikel
D:8:      layout_basic, erik_lair_island, enter_bailey_4, bh_walls_and_bars
Bailey:   bailey_axe_minmay_hex_keep, bailey

Skill      XL: |  1  2  3  4  5  6  7  8  9 10 |
---------------+-------------------------------+-----
Axes           | 4 5 6 7 8 10 | 10.6
Fighting       | 4 5 6 7 8 |  8.9
Shields        | 1 2 |  2.5
Dodging        | 3 4 5 6 7 |  7.0
Armour         | 3 4 5 6 |  6.4
Stealth        | 1 2 3 4 |  4.9
Evocations     | 1 2 4 |  4.3

Action                   |  1- 3 |  4- 6 |  7- 9 | 10-12 || total
-------------------------+-------+-------+-------+-------++-------
Melee: Hand axe          |    98 |    96 |       |       ||   194
       Headbutt          |    11 |    23 |    46 |     8 ||    88
       War axe           |       |     6 |   182 |       ||   188
       Battleaxe         |       |       |    52 |    72 ||   124
Invok: Berserk           |       |     1 |     7 |     4 ||    12
       Trog's Hand       |       |       |     1 |       ||     1
  Use: Scroll            |       |     6 |     5 |       ||    11
       Potion            |       |       |     3 |     2 ||     5
 Stab: Sleeping          |     1 |       |       |       ||     1
Armor: Animal skin       |    10 |       |       |       ||    10
       Plate armour      |    24 |    60 |   115 |    29 ||   228
Dodge: Dodged            |    34 |    60 |   131 |    42 ||   267
Block: Buckler           |     9 |    13 |    23 |       ||    45
